 Dungeon Crawl Stone Soup version 0.14-a0-805-gc239e29 (webtiles) character file.

4902 PolkaDot the Jinx (level 10, -6/63 HPs)
             Began as a Vampire Enchanter on Nov 11, 2013.
             Was an Elder of Makhleb.
             Mangled by Urug
             ... wielding a +1,+2 orcish war axe
              (43 damage)
             ... on Level 10 of the Dungeon.
             The game lasted 00:48:01 (8026 turns).

PolkaDot the Jinx (Vampire Enchanter)               Turns: 8026, Time: 00:48:02

HP  -6/63        AC  8     Str  7      XL: 10   Next: 15%
MP  16/24        EV 12     Int 17      God: Makhleb [****..]
Gold 451         SH  0     Dex 17      Spells:  3 memorised,  1 level left

Res.Fire  : . . .   See Invis. : +   L - +2,+1 elf dagger (venom)
Res.Cold  : + . .   Warding    : .   b - +1 robe (curse)
Life Prot.: + + .   Conserve   : .   (no shield)
Res.Poison: +       Res.Corr.  : .   (no helmet)
Res.Elec. : .       Clarity    : +   U - +0 cloak (curse)
Sust.Abil.: . .     Spirit.Shd : .   j - +2 pair of gloves
Res.Mut.  : .       Stasis     : .   F - +0 pair of dwarf boots (curse)
Res.Rott. : +       Flight     : .   l - amulet of clarity
Saprovore : . . .                    r - ring of see invisible {unknown}
                                     k - ring of magical power

@: regenerating slowly, invisible, very slightly contaminated, drained, somewhat
resistant to hostile enchantments, extremely stealthy
A: bottle blood, fangs 3, see invisible, unbreathing
a: Bat Form, Bottle Blood, Minor Destruction, Lesser Servant of Makhleb, Major
Destruction, Renounce Religion


You were on level 10 of the Dungeon.
You worshipped Makhleb.
Makhleb was greatly pleased with you.
You were very thirsty.

You visited 2 branches of the dungeon, and saw 11 of its levels.

You collected 451 gold pieces.

Inventory:

Hand weapons
 u - the +6,+10 spear "Jeskoguw" {venom, rElec rN+}
   (You found it on level 4 of the Dungeon)

   It poisons the flesh of those it strikes.
   It insulates you from electricity.
   It protects you from negative energy.
 L - a +2,+1 elven dagger of venom (weapon)
Missiles
 d - 11 darts (quivered)
Armour
 b - a cursed +1 robe (worn)
 j - a +2 pair of gloves (worn)
 F - a cursed +0 pair of dwarven boots (worn)
 U - a cursed +0 cloak (worn)
Magical devices
 o - a wand of teleportation (0)
 y - a wand of disintegration (16) {unknown}
 R - a wand of teleportation (0)
 T - a wand of paralysis (11)
Scrolls
 a - a scroll of magic mapping {unknown}
 f - 12 scrolls of remove curse
 h - a scroll of fear {unknown}
 i - 3 scrolls of curse weapon {unknown}
 n - 2 scrolls of curse armour {unknown}
 q - a scroll of enchant weapon II {unknown}
 t - 6 scrolls of identify {unknown}
 x - 2 scrolls of enchant armour {unknown}
 A - 2 scrolls of curse jewellery {unknown}
 E - a scroll of enchant weapon III {unknown}
 H - 2 scrolls of fog {unknown}
 I - 2 scrolls of immolation {unknown}
 K - 2 scrolls of recharging {unknown}
 M - a scroll of enchant weapon I
 P - 3 scrolls of teleportation {unknown}
 S - a scroll of noise {unknown}
Jewellery
 g - a +3 ring of protection
 k - a ring of magical power (left hand)
 l - an amulet of clarity (around neck)
 r - a ring of see invisible (right hand) {unknown}
Potions
 m - 5 potions of cure mutation {unknown}
 p - a potion of restore abilities {unknown}
 s - 2 potions of berserk rage {unknown}
 w - 4 potions of curing {unknown}
 z - a potion of invisibility {unknown}
 C - 3 potions of speed {unknown}
 G - 3 potions of might
 J - a potion of poison {unknown}
 N - a potion of heal wounds {unknown}
 O - a potion of confusion {unknown}
 Q - 2 potions of brilliance {unknown}
 Y - a potion of degeneration {unknown}
Books
 c - a book of Maledictions

   Spells                             Type                      Level
   *Corona                            Hexes                        1
   Sure Blade                         Hexes/Charms                 2
   Ensorcelled Hibernation            Hexes/Ice                    2
   *Confuse                           Hexes                        3
   Enslavement                        Hexes                        4
   *Invisibility                      Hexes                        6
 e - a book of the Tempests

   Spells                             Type                      Level
   Static Discharge                   Conjuration/Air              3
   Lightning Bolt                     Conjuration/Air              5
   Fireball                           Conjuration/Fire             5
   Tornado                            Air                          9
   Shatter                            Earth                        9
 v - a book of Control

   Spells                             Type                      Level
   Control Teleport                   Charms/Translocation         4
   Control Undead                     Necromancy                   4
   Enslavement                        Hexes                        4
   Mass Confusion                     Hexes                        6
   Metabolic Englaciation             Hexes/Ice                    6
 B - a book of Ice

   Spells                             Type                      Level
   Freezing Aura                      Charms/Ice                   2
   Ensorcelled Hibernation            Hexes/Ice                    2
   Ozocubu's Refrigeration            Ice                          6
   Bolt of Cold                       Conjuration/Ice              6
   Freezing Cloud                     Conjuration/Ice/Air          6
   Metabolic Englaciation             Hexes/Ice                    6
   Simulacrum                         Ice/Necromancy               6
 X - a book of the Dragon

   Spells                             Type                      Level
   Flight                             Charms/Air                   3
   Cause Fear                         Hexes                        4
   Bolt of Fire                       Conjuration/Fire             6
   Dragon Form                        Transmutation                7
   Summon Dragon                      Summoning                    9
Magical staves
 D - an uncursed staff of conjuration


   Skills:
 + Level 7.6(7.3) Short Blades
 - Level 2.3(2.0) Polearms
 - Level 0.7(0.4) Throwing
 - Level 2.1(1.8) Dodging
 + Level 11.7(11.3) Stealth
 - Level 1.0(0.7) Spellcasting
 * Level 14.5(14.1) Hexes


You had one spell level left.
You knew the following spells:

 Your Spells              Type           Power        Failure   Level  Hunger
A - Corona                Hex            #####..      1%          1    ##.....
C - Confuse               Hex            #####...     1%          3    ####...
I - Invisibility          Hex            #####...     12%         6    #######


Dungeon Overview and Level Annotations

Branches:
Dungeon (10/27)            Temple (1/1) D:7             Orc (0/4) D:8
   Lair (0/8) D:8

Altars:
Ashenzari
Cheibriados
Elyvilon
Fedhas
Kikubaaqudgha
Makhleb
Nemelex Xobeh
Okawaru
Sif Muna
Vehumet
Xom
Zin
the Shining One
Beogh
Jiyva

Annotations:
D:10 Nergalle, Urug


Innate Abilities, Weirdness & Mutations

You heal slowly.
You can bottle blood from corpses.
You have razor-sharp teeth.*
You have supernaturally acute eyesight.
You can survive without breathing.*


Message History

Urug is moderately wounded.
Urug closely misses you.
You barely miss Urug.
Urug is moderately wounded.
Urug seems less confused.
Casting: Confuse
Confirm with . or Enter, or press ? or * to list all spells.
Aiming: Confuse
Press: ? - help, Shift-Dir - straight line, f/p - Urug
Aim: Urug, wielding an orcish war axe, wearing an orcish scale mail and carrying a wand of magic darts {zapped: 10} (heavily wounded, poisoned, unusually strong, hasn't noticed you) Urug appears confused.
Urug zaps a wand.
You catch the helpless Urug completely off-guard!
You bite Urug, and draw his blood!
You feel better.
You feel slightly less thirsty.
You impale Urug!!
Urug is almost dead.
You hit Urug.
Urug is almost dead.
Urug hits you with an orcish war axe!
Ouch! That really hurt!
You die...

############
.........@o#
##########.# #.#
#.# ##########.#
............#####
........<..........
.....Z....(..#####
............(#


You could see Urug (confused).

Vanquished Creatures
  An elephant (D:8)
  Grinder (D:3)
  Eustachio (D:6)
  A hill giant zombie (D:9)
  Edmund (D:7)
  Menkaure (D:6)
  A phantom (D:7)
  An ice beast (D:8)
  2 ogres
  A crocodile (D:8)
  3 centaurs
  2 orc warriors
  A giant frog (D:8)
  A wyvern skeleton (D:8)
  A gnoll sergeant (D:7)
  6 crimson imps
  A goliath beetle (D:8)
  A vampire bat (D:4)
  5 orc priests
  A giant frog zombie (D:9)
  7 jellies
  A gnoll shaman (D:4)
  5 hounds
  4 iguanas
  10 orc wizards
  3 scorpions
  A sheep (D:8)
  5 worker ants
  An ogre skeleton (D:8)
  A hound skeleton (D:9)
  9 adders
  10 gnolls
  An inept feature mimic (D:4)
  An inept item mimic (D:7)
  6 worms
  2 iguana skeletons
  A giant eyeball (D:5)
  3 giant geckos
  2 oozes
  45 orcs
  15 bats
  4 giant cockroaches
  15 hobgoblins
  11 jackals
  11 kobolds
  2 giant newts
  5 giant spores
  16 goblins
  2 kobold skeletons
  2 orc skeletons
  3 quokkas
  13 rats
  5 ballistomycetes
255 creatures vanquished.

Vanquished Creatures (others)
  Ijyb (D:6)
  A rat zombie (D:8)
  A toadstool (D:5)
3 creatures vanquished.

Grand Total: 258 creatures vanquished

Notes
Turn   | Place    | Note
--------------------------------------------------------------
     0 | D:1      | PolkaDot, the Vampire Enchanter, began the quest for the Orb.
     0 | D:1      | Reached XP level 1. HP: 13/13 MP: 4/4
   298 | D:1      | Reached XP level 2. HP: 16/19 MP: 5/5
  1067 | D:2      | Reached XP level 3. HP: 24/24 MP: 6/6
  1362 | D:2      | Found a radiant altar of Vehumet.
  1416 | D:2      | Upgraded the game from 0.14-a0-788-g14b720c to 0.14-a0-805-gc239e29
  1779 | D:3      | Noticed Grinder
  1780 | D:3      | Paralysed by Grinder for 6 turns
  1796 | D:3      | Paralysed by Grinder for 2 turns
  1852 | D:3      | Learned a level 3 spell: Confuse
  1884 | D:3      | Reached skill level 5 in Hexes
  2020 | D:3      | Reached XP level 4. HP: 13/30 MP: 8/8
  2130 | D:3      | Reached skill level 5 in Stealth
  2320 | D:3      | Killed Grinder
  2320 | D:3      | Reached skill level 6 in Stealth
  2320 | D:3      | Reached skill level 7 in Hexes
  2320 | D:3      | Reached XP level 5. HP: 35/35 MP: 9/9
  2320 | D:3      | Reached XP level 6. HP: 41/41 MP: 10/10
  2792 | D:3      | Reached skill level 8 in Hexes
  2879 | D:4      | Reached XP level 7. HP: 41/46 MP: 11/11
  3191 | D:4      | Reached skill level 9 in Hexes
  3228 | D:4      | Reached skill level 5 in Short Blades
  3265 | D:4      | Got a smoking spear
  3266 | D:4      | Identified the +6,+10 spear "Jeskoguw" {venom, rElec rN+} (You found it on level 4 of the Dungeon)
  3266 | D:4      | Identified the +6,+10 spear "Jeskoguw" {venom, rElec rN+} (You found it on level 4 of the Dungeon)
  3524 | D:5      | Entered Level 5 of the Dungeon
  3758 | D:5      | Paralysed by a giant eyeball for 4 turns
  3761 | D:5      | Reached skill level 1 in Polearms
  4189 | D:5      | Reached XP level 8. HP: 47/52 MP: 13/13
  4192 | D:5      | Reached skill level 10 in Hexes
  4207 | D:5      | Found a viscous altar of Jiyva.
  4386 | D:6      | Noticed Ijyb
  4398 | D:6      | Killed Ijyb
  4450 | D:6      | Found a glowing golden altar of the Shining One.
  4547 | D:6      | Found a burning altar of Makhleb.
  4559 | D:6      | Became a worshipper of Makhleb the Destroyer
  4661 | D:6      | Noticed Menkaure
  4674 | D:6      | Killed Menkaure
  4674 | D:6      | Reached skill level 11 in Hexes
  4976 | D:6      | Noticed Eustachio
  4986 | D:6      | Killed Eustachio
  5130 | D:7      | Reached skill level 12 in Hexes
  5144 | D:7      | Reached XP level 9. HP: 46/57 MP: 14/14
  5197 | D:7      | Learned a level 6 spell: Invisibility
  5628 | D:7      | Acquired Makhleb's first power
  5635 | D:7      | Noticed Edmund
  5659 | D:7      | Killed Edmund
  5681 | D:7      | Found a staircase to the Ecumenical Temple.
  5689 | Temple   | Entered the Ecumenical Temple
  5869 | D:7      | Reached skill level 10 in Stealth
  6224 | D:8      | Found a staircase to the Orcish Mines.
  6279 | D:8      | Found a roughly hewn altar of Beogh.
  6321 | D:8      | Reached skill level 13 in Hexes
  6335 | D:8      | Acquired Makhleb's second power
  6474 | D:8      | Found a staircase to the Lair.
  6474 | D:8      | Noticed an elephant
  6551 | D:8      | Killed an elephant
  6791 | D:8      | Acquired Makhleb's third power
  6797 | D:8      | Reached skill level 14 in Hexes
  7138 | D:9      | Reached XP level 10. HP: 63/63 MP: 15/15
  7243 | D:9      | Found an iron altar of Okawaru.
  7884 | D:9      | Acquired Makhleb's fourth power
  7946 | D:10     | Entered Level 10 of the Dungeon
  7946 | D:10     | Noticed Nergalle
  7987 | D:10     | Noticed Urug
  8026 | D:10     | Mangled by Urug

Action                   |  1- 3 |  4- 6 |  7- 9 | 10-12 || total
-------------------------+-------+-------+-------+-------++-------
Melee: Dagger            |   181 |   148 |   159 |   133 ||   621
       Spear             |       |       |   395 |     5 ||   400
Throw: Dart              |       |       |     2 |     3 ||     5
 Cast: Confuse           |     2 |    23 |    34 |     8 ||    67
       Corona            |       |     1 |     1 |     1 ||     3
       Invisibility      |       |       |     3 |     2 ||     5
 Abil: Bottle Blood      |       |       |    23 |       ||    23
Evoke: Wand              |       |       |     2 |     3 ||     5
  Use: Scroll            |     5 |       |       |       ||     5
       Potion            |     3 |       |    23 |       ||    26
 Stab: Sleeping          |     8 |     1 |    45 |    10 ||    64
       Confused          |     1 |    10 |    18 |     3 ||    32
       Distracted        |       |       |     2 |       ||     2
       Invisible         |       |       |    12 |     1 ||    13
